 Dungeon Crawl Stone Soup version 0.21-a0-1-gaf3b9a5 (webtiles) character file.

52 Leszczynek the Slasher (level 3, 3/22 HPs)
             Began as a Deep Elf Chaos Knight on May 20, 2017.
             Quit the game on level 2 of the Dungeon.
             The game lasted 00:06:54 (1204 turns).

Leszczynek the Slasher (Deep Elf Chaos Knight)      Turns: 1204, Time: 00:06:55

Health: 3/22       AC:  3    Str:  9 (10) XL:     3   Next: 60%
Magic:  5/5        EV: 12    Int:  9 (12) God:    Xom [..*...]
Gold:   156        SH:  0    Dex: 12 (14) Spells: 2/2 levels left

rFire    . . .     SeeInvis .   a - +0 falchion (chaos)
rCold    . . .     Gourm    .   (no shield)
rNeg     . . .     Faith    .   b - +2 leather armour
rPois    .         Spirit   .   (no helmet)
rElec    .         Reflect  .   (no cloak)
rCorr    .         Harm     .   (no gloves)
MR       .....                  (no boots)
Stlth    +.........             (no amulet)
Regen    0.1/turn               (no ring)
MPRegen  0.1/turn               (no ring)

@: lethally poisoned (3 -> -7), very slightly contaminated, hasted, invisible,
very quick
A: deformed body, dopey 2, no potion heal 1
a: Renounce Religion


You were on level 2 of the Dungeon.
You worshipped Xom.
You were a toy of Xom.
You were not hungry.

You visited 1 branch of the dungeon, and saw 2 of its levels.

You collected 156 gold pieces.

Inventory:

Hand Weapons
 a - a +0 falchion of chaos (weapon)
Armour
 b - a +2 leather armour (worn)
Scrolls
 e - a scroll of enchant armour {unknown}
 i - a scroll of enchant weapon {unknown}
Potions
 h - a potion of degeneration
Comestibles
 c - a fruit
 d - a bread ration
 f - a meat ration
 k - 2 chunks of flesh
 m - a royal jelly


   Skills:
 - Level 2.4 Fighting
 * Level 4.1 Long Blades
 - Level 0.7 Armour
 + Level 2.5 Dodging


You had 2 spell levels left.
You didn't know any spells.

Dungeon Overview and Level Annotations

Branches:
Dungeon (2/15)

Altars:
Xom


Innate Abilities, Weirdness & Mutations

Armour fits poorly on your strangely shaped body.
You are very dopey. (Int -4)
Potions are less effective at restoring your health.


Message History

You feel weakened.
You feel dopey.
You feel clumsy.
You feel sick. The adder bites you.
You are lethally poisoned!
The adder poisons you!
It was a potion of cancellation.
You feel magically purged.
Xom thinks this is hilarious!
You feel sick. The adder closely misses you. The adder barely misses you.
It was a potion of magic.
Magic courses through your body.
* * * LOW HITPOINT WARNING * * *
You feel sick. The adder bites you.
* * * LOW HITPOINT WARNING * * *
It was a potion of invisibility.
You fade into invisibility!
The adder closely misses you.
You are very lightly contaminated with residual magic.
Unknown command.
It was a potion of haste.
You feel yourself speed up.
* * * LOW HITPOINT WARNING * * *
You feel sick. The adder closely misses you.
Are you sure you want to abandon this character and quit the game? (Confirm with "yes".)

#........ .....S...#
##....#.. .........#
#....#.# #.......# ..
#....#.# #.......#
#.##.#....#.#
#.......###.#.......#.#
#.......#...#..#......#
#.....S.#...####.##.###
.#.....@.#...# #.##.#
....$....#...####)##)###
.........#........##....
...............)......##
..........).............
...........####.........
...........# #.........
#..........# #.........
####.......# #.........


You could see 2 adders.

Vanquished Creatures
  A worm (D:2)
  3 dart slugs
  A leopard gecko (D:2)
  4 giant cockroaches
  4 hobgoblins
  3 jackals (D:1)
  6 kobolds
  6 bats
  2 frilled lizards
  6 goblins
  5 rats
  A fungus (D:1)
42 creatures vanquished.

Notes
Turn   | Place    | Note
-------+----------+-------------------------------------------
     0 | D:1      | Leszczynek the Deep Elf Chaos Knight began the quest for the Orb.
     0 | D:1      | Reached XP level 1. HP: 13/13 MP: 3/3
    26 | D:1      | XOM: silly message
    34 | D:1      | XOM: divination: magic mapping
    74 | D:1      | Reached skill level 3 in Long Blades
   268 | D:1      | Reached XP level 2. HP: 18/18 MP: 4/4
   426 | D:1      | XOM: chaos cloud
   603 | D:1      | XOM: scenery: create altars
   623 | D:1      | XOM: divination: magic mapping
   716 | D:1      | XOM: give mutations
   716 | D:1      | Gained mutation: You are dopey. (Int -2) [Xom's mischief]
   716 | D:1      | Gained mutation: You are very dopey. (Int -4) [Xom's mischief]
   716 | D:1      | Gained mutation: Armour fits poorly on your strangely shaped body. [Xom's mischief]
   716 | D:1      | Gained mutation: Potions are less effective at restoring your health. [Xom's mischief]
   745 | D:1      | thanks xom, that was helpful
   878 | D:2      | Reached XP level 3. HP: 19/22 MP: 5/5
   892 | D:2      | XOM: fog
   975 | D:2      | Reached skill level 4 in Long Blades
  1073 | D:2      | XOM: fake destruction
  1169 | D:2      | XOM: harmless Ice miscast
  1201 | D:2      | HP: 3/22 [adder (2)]
  1204 | D:2      | Quit the game

Vault maps used:
D:1:      co_arrival_square_in_a_square_in_a_square, st_stairs_11,
          minmay_gold_behind_fungi

Skill      XL: |  1  2  3 |
---------------+----------+-----
Long Blades    | 3 4 |  4.1
Fighting       | |  2.4
Armour         | |  0.7
Dodging        | |  2.5

Action                   || total
-------------------------++-------
Melee: Falchion          ||   126
  Use: Potion            ||     5
 Stab: Paralysed         ||     1
  Eat: Chunk             ||     1
Armor: Leather armour    ||    39
Dodge: Dodged            ||    73
       Rpst.: Falchion   ||    25
